 Dungeon Crawl Stone Soup version 0.27-a0-1416-g941b2bd30b (webtiles) character file.

Game seed: 5686384132053705031

256 pyrow613 the Slasher (level 6, -2/49 HPs)
             Began as a Human Fighter on July 1, 2021.
             Was a Follower of Zin.
             Slain by a lemure (6 damage)
             ... led by Pikel
             ... on level 3 of the Dungeon.
             The game lasted 00:05:54 (5045 turns).

pyrow613 the Slasher (Human Fighter)                Turns: 5045, Time: 00:05:55

Health: -2/49      AC:  9    Str: 19    XL:     6   Next: 38%
Magic:  6/6        EV:  9    Int:  8    God:    Zin [*.....]
Gold:   71         SH:  0    Dex: 12    Spells: 5/5 levels left

rFire    . . .     SeeInvis .   a - +0 long sword
rCold    . . .     Faith    .   (no shield)
rNeg     . . .     Spirit   .   b - +0 scale mail
rPois    .         Reflect  .   (no helmet)
rElec    .         Harm     .   n - +0 cloak
rCorr    .         Rampage  .   m - +0 pair of gloves
Will     .....                  (no boots)
Stlth    ..........             (no amulet)
HPRegen  0.16/turn              (no ring)
MPRegen  0.10/turn              (no ring)

@: mighty
A: no striking features
a: Renounce Religion, Recite, Donate Gold


You were on level 3 of the Dungeon.
You worshipped Zin.
Zin was aware of your devotion.
You visited 2 branches of the dungeon, and saw 5 of its levels.

You collected 158 gold pieces.
You donated 87 gold pieces to Zin.

Inventory:

Hand Weapons
 a - a +0 long sword (weapon)
Missiles
 q - 41 poisoned darts (quivered)
 s - 2 atropa-tipped darts
Armour
 b - a +0 scale mail (worn)
 c - a +0 kite shield
 m - a +0 pair of gloves (worn)
 n - a +0 cloak (worn)
Jewellery
 e - an amulet of guardian spirit
Wands
 u - a wand of acid (8)
Scrolls
 g - 2 scrolls of noise {unknown}
 h - 3 scrolls of teleportation {unknown}
 i - a scroll of magic mapping {unknown}
 j - a scroll of summoning {unknown}
 o - 3 scrolls of identify {unknown}
 t - a scroll of enchant armour {unknown}
Potions
 d - a potion of might
 f - a potion of heal wounds {unknown}
 k - a potion of mutation {unknown}
 l - a potion of curing {unknown}
 p - a potion of resistance {unknown}
 r - a potion of attraction {unknown}


   Skills:
 + Level 4.5 Fighting
 * Level 5.2 Long Blades
 - Level 3.0 Armour
 - Level 3.0 Shields


You had 5 spell levels left.
You didn't know any spells.
Your spell library contained the following spells:

 Spells                   Type           Power      Damage    Failure   Level
 Summon Small Mammal      Summ           0%         N/A       78%         1
 Call Canine Familiar     Summ           0%         N/A       98%         3
 Gell's Gravitas          Tloc           0%         N/A       98%         3
 Summon Guardian Golem    Hex/Summ       0%         N/A       98%         3
 Teleport Other           Tloc           0%         N/A       98%         3
 Tukima's Dance           Hex            0%         N/A       98%         3
 Passage of Golubria      Tloc           N/A        N/A       100%        4
 Manifold Assault         Tloc           0%         N/A       100%        5
 Yara's Violent Unravell  Hex/Tmut       0%         3d3       100%        5


Dungeon Overview and Level Annotations

Branches:
Dungeon (4/15)             Temple (1/1) D:4

Altars:
Ashenzari
Dithmenos
Elyvilon
Gozag
Hepliaklqana
Makhleb
Nemelex Xobeh
Qazlal
Ru
Sif Muna
Trog
Uskayaw
Wu Jian
Xom
Zin
The Shining One

Annotations:
D:4 Pikel


Message History

You hit the lemure but do no damage.
The lemure is moderately wounded.
The lemure hits you. x3
You miss the lemure.
The lemure is moderately wounded.
The lemure barely misses you.
You riposte.
You barely miss the lemure.
The lemure is moderately wounded.
The lemure hits you but does no damage. x2
You closely miss the lemure.
The lemure is moderately wounded.
The lemure barely misses you.
You riposte.
You hit the lemure.
The lemure is heavily wounded.
The lemure closely misses you. The lemure hits you.
You miss the lemure.
The lemure is heavily wounded.
The lemure closely misses you. The lemure hits you.
* * * LOW HITPOINT WARNING * * *
The lemure hits you.
* * * LOW HITPOINT WARNING * * *
You closely miss the lemure.
The lemure is heavily wounded.
The lemure barely misses you.
You riposte.
You hit the lemure.
The lemure is heavily wounded.
The lemure hits you but does no damage. The lemure closely misses you.
The lemure barely misses you.
You riposte.
You closely miss the lemure.
The lemure is heavily wounded.
You feel very mighty all of a sudden. The lemure hits you.
* * * LOW HITPOINT WARNING * * *
The lemure closely misses you. The lemure hits you but does no damage.
You slash the lemure!
The lemure is almost dead.
The lemure barely misses you. The lemure hits you.
* * * LOW HITPOINT WARNING * * *
The lemure hits you.
* * * LOW HITPOINT WARNING * * *
You closely miss the lemure.
The lemure is almost dead.
The lemure hits you.
You die...

#....######
#.........#
#....####.# #....#
#.# #....#
#.######### ##.###
#.........# #.#
#######....
#5###########...##
#@5............###
#.5...........###.
##)...######..##..
#....# ##.#...
#....# #.#..#
#....# ##.##..
#....# #..##..
#....# ##......
##########..#.###


You could see 3 lemures.

Vanquished Creatures
  A hound (D:3)
  An orc priest (D:4)
  A howler monkey skeleton (D:4)
  8 adders
  An ufetubus (D:4)
  An adder skeleton (D:4)
  3 worms
  3 dart slugs
  5 orcs (D:3)
  12 endoplasms
  5 giant cockroaches
  4 goblins
  10 hobgoblins
  6 jackals (D:1)
  4 kobolds
  3 quokkas
  8 ball pythons
  7 bats
  3 frilled lizards
  2 rats
88 creatures vanquished.

Notes
Turn   | Place    | Note
-------+----------+-------------------------------------------
     0 | D:1      | pyrow613 the Human Fighter began the quest for the Orb.
     0 | D:1      | Reached XP level 1. HP: 18/18 MP: 1/1
   152 | D:1      | Got the Compendium of Orientation
   185 | D:1      | Reached XP level 2. HP: 24/24 MP: 2/2
   505 | D:1      | Reached XP level 3. HP: 27/29 MP: 3/3
   543 | D:1      | Reached skill level 3 in Long Blades
  1778 | D:2      | Reached XP level 4. HP: 30/35 MP: 4/4
  1867 | D:2      | Found a faded altar of an unknown god.
  2268 | D:2      | Reached skill level 4 in Long Blades
  2531 | D:2      | Reached XP level 5. HP: 42/42 MP: 5/5
  3804 | D:4      | Found an opulent altar of Gozag.
  4091 | D:4      | Reached XP level 6. HP: 49/49 MP: 6/6
  4136 | D:4      | Reached skill level 5 in Long Blades
  4723 | D:4      | Found a staircase to the Ecumenical Temple.
  4731 | Temple   | Entered the Ecumenical Temple
  4801 | Temple   | Became a worshipper of Zin the Law-Giver
  4801 | Temple   | Reached * piety under Zin
  4802 | Temple   | Donated 72 gold pieces to Zin
  4925 | D:4      | Noticed Pikel
  5045 | D:3      | Slain by a lemure

Illustrated notes

Levels and vault maps discovered:
D:1:      dpeg_arrival_rhombus, layout_loops_ring, minmay_cut_off
D:2:      layout_basic, chequers_ecumenical_altar_twisty
D:3:      layout_basic, chequers_garden, minmay_cupped
D:4:      layout_layer_cave, minmay_temple_entry_statues_pillars,
          minmay_ruined_shrine, uniq_pikel
Temple:   regret_index_temple_mists

Skill      XL: |  1  2  3  4  5  6 |
---------------+-------------------+-----
Long Blades    | 3 4 5 |  5.2
Fighting       | 4 |  4.5
Armour         | |  3.0
Shields        | |  3.0

Action                   |  1- 3 |  4- 6 || total
-------------------------+-------+-------++-------
Melee: Long sword        |   114 |   217 ||   331
Invok: Donate Gold       |       |     1 ||     1
  Use: Potion            |       |     1 ||     1
Armor: Scale mail        |    72 |   155 ||   227
Dodge: Dodged            |    64 |   160 ||   224
       Rpst.: Long sword |    19 |    45 ||    64

Table legend: (Time is in decaauts)
 A = Elapsed time spent in this place.
 B = Non-inter-level travel time spent in this place.
 C = Inter-level travel time spent in this place.
 D = Time resting spent in this place.
 E = Time spent auto-exploring this place.
 F = Levels seen in this place.
 G = Mean time per level.
                   A        B        C        D        E       F      G
               +--------+--------+--------+--------+--------+-----+--------+
         Total |   5146 |   4919 |    227 |    847 |   3324 |   5 | 1029.2 |
       Dungeon |   5031 |   4823 |    208 |    847 |   3241 |   4 | 1257.8 |
        Temple |    114 |     95 |     19 |      0 |     83 |   1 |  114.0 |
               +--------+--------+--------+--------+--------+-----+--------+

Top non-repeatable levels by time:
     D:3: 1781 daAuts
     D:1: 1510 daAuts
     D:2: 1210 daAuts
     D:4: 529 daAuts
  Temple: 114 daAuts
